 Dungeon Crawl Stone Soup version 0.30.1-11-g7821555f0a (webtiles) character file.

Game seed: 13105459554271883697

263 GeoRichter the Chopper (level 6, 0/49 (51) HPs)
             Began as a Formicid Fighter on Oct 29, 2023.
             Slain by Crazy Yiuf
             ... wielding a +2 quarterstaff of chaos
              (9 damage)
             ... on level 2 of the Dungeon.
             The game lasted 00:02:37 (1656 turns).

GeoRichter the Chopper (Formicid Fighter)           Turns: 1656, Time: 00:02:38

HP:   0/49 (51)     AC:  6    Str: 20    XL:     6   Next: 42%
MP:   6/6           EV:  9    Int:  8    God:
Gold: 94            SH:  5    Dex: 15    Spells: 5/5 levels left

rFire   . . .        o - +5 whip (pain)
rCold   . . .        c - +0 buckler
rNeg    . . .        b - +0 scale mail
rPois   .            (helmet unavailable)
rElec   .            (no cloak)
rCorr   .            (no gloves)
SInv    +            (no boots)
Will    .....        (no amulet) Stlth
                     (no ring)
HPRegen 0.28/turn    (no ring)
MPRegen 0.10/turn

%: no passive effects
@: lightly drained
A: permanent stasis, dig shafts and tunnels, antennae 3, four strong arms
a: Dig, Shaft Self


You were on level 2 of the Dungeon.
You visited 1 branch of the dungeon, and saw 2 of its levels.

You collected 94 gold pieces.

Inventory:

Hand Weapons
 a - a +0 war axe
 o - a +5 whip of pain (weapon)
   (You took it off a kobold on level 2 of the Dungeon)
Missiles
 g - 34 stones (quivered)
 m - 4 poisoned darts
Armour
 b - a +0 scale mail (worn)
 c - a +0 buckler (worn)
Jewellery
 p - a ring of protection from fire
   (You found it on level 2 of the Dungeon)
Scrolls
 e - a scroll of teleportation {unknown}
 f - a scroll of poison {unknown}
 h - a scroll of immolation {unknown}
 j - a scroll of enchant armour {unknown}
 k - a scroll of amnesia {unknown}
 q - a scroll of fear {unknown}
Potions
 d - a potion of ambrosia {unknown}
 i - 2 potions of curing {unknown}
 l - a potion of lignification {unknown}
 n - a potion of might


   Skills:
 + Level 5.0 Fighting
 * Level 5.2 Axes
 - Level 3.2 Armour
 - Level 4.0 Shields


You had 5 spell levels left.
You didn't know any spells.
Your spell library contained the following spells:

 Spells                   Type           Power      Damage    Failure   Level
 Gell's Gravitas          Tloc           0%         N/A       99%         3
 Teleport Other           Tloc           0%         N/A       99%         3
 Manifold Assault         Tloc           0%         N/A       100%        4
 Dispersal                Tloc           0%         N/A       100%        6
 Storm Form               Tmut/Air       0%         N/A       100%        7
 Blink                    Tloc           Unusable   N/A       N/A         2

Dungeon Overview and Level Annotations

Branches:
Dungeon (2/15) Zot: 10303

Altars:

Annotations:
D:2 Crazy Yiuf


Innate Abilities, Weirdness & Mutations

You cannot be hasted, slowed, berserked, paralysed or teleported.
You can dig through walls and to a lower floor.
You have a pair of large antennae on your head. (SInv)
Your four strong arms can wield two-handed weapons with a shield.


Message History

Crazy Yiuf is moderately wounded.
Crazy Yiuf closely misses you.
You completely miss Crazy Yiuf.
Crazy Yiuf is moderately wounded.
Crazy Yiuf cries, "Gum!
Aardvark Hive hand."
Crazy Yiuf hits you with a +2 quarterstaff of chaos!
You are poisoned.
You hit Crazy Yiuf but do no damage.
Crazy Yiuf is moderately wounded.
You feel very sick.
Crazy Yiuf hits you with a +2 quarterstaff of chaos!
* * * LOW HITPOINT WARNING * * *
You feel drained.
* * * LOW HITPOINT WARNING * * *
You closely miss Crazy Yiuf.
Crazy Yiuf is moderately wounded.
You feel very sick. You block Crazy Yiuf's attack.
You barely miss Crazy Yiuf.
Crazy Yiuf is moderately wounded.
You feel very sick. Crazy Yiuf closely misses you.
You whack Crazy Yiuf!
Crazy Yiuf is heavily wounded.
You feel sick.
You closely miss Crazy Yiuf.
Crazy Yiuf is heavily wounded.
You feel sick. Crazy Yiuf barely misses you.
You barely miss Crazy Yiuf.
Crazy Yiuf is heavily wounded.
You feel sick. You block Crazy Yiuf's attack.
You hit Crazy Yiuf.
Crazy Yiuf is severely wounded.
You feel sick. You block Crazy Yiuf's attack.
You barely miss Crazy Yiuf.
Crazy Yiuf is severely wounded.
You feel sick. Crazy Yiuf barely misses you.
You barely miss Crazy Yiuf.
Crazy Yiuf is severely wounded.
You feel sick. Crazy Yiuf completely misses you.
You hit Crazy Yiuf.
Crazy Yiuf is almost dead.
You feel sick. Crazy Yiuf barely misses you.
You completely miss Crazy Yiuf.
Crazy Yiuf is almost dead.
You feel sick.
You are no longer poisoned.
Crazy Yiuf sings, "Trees, trees, trees, circus!"
Crazy Yiuf hits you with a +2 quarterstaff of chaos!
You die...

.#.## ##.......## ##.###.#
....####.........####...##.###
..#....'.........'...........##
#<..####################......#
##.## #...♣..# #.# #>.....#
#.######### ### #...#..#
#....#...P## ###..)# #.####.#
#.##.....PP####@g...# #.####.#
#.####....P.#..##...# #......#
#.# ##..#.#.### ### ########
#†# ######## #.# #.# ###
#.######.# #........#
##########


You could see Crazy Yiuf.

Vanquished Creatures
  Sigmund (D:2)
  Natasha (D:2)
  2 adders (D:2)
  2 worms (D:2)
  A dart slug (D:2)
  2 ball pythons
  3 bats
  4 endoplasms (D:1)
  A giant cockroach (D:1)
  3 goblins
  5 hobgoblins
  7 jackals (D:2)
  4 kobolds
  5 quokkas
  A frilled lizard (D:2)
  5 rats
47 creatures vanquished.

Notes
Turn   | Place    | Note
-------+----------+-------------------------------------------
     0 | D:1      | GeoRichter the Formicid Fighter began the quest for the
                  | Orb.
     0 | D:1      | Reached XP level 1. HP: 18/18 MP: 1/1
   158 | D:1      | Reached XP level 2. HP: 24/24 MP: 2/2
   293 | D:1      | Found a faded altar of an unknown god.
   534 | D:1      | Reached XP level 3. HP: 30/30 MP: 3/3
   740 | D:2      | Noticed Sigmund
   748 | D:2      | Killed Sigmund
   749 | D:2      | Reached XP level 4. HP: 38/38 MP: 4/4
   749 | D:2      | Reached XP level 5. HP: 43/43 MP: 5/5
   749 | D:2      | Reached XP level 6. HP: 49/49 MP: 6/6
   817 | D:2      | Noticed Natasha
   825 | D:2      | Killed Natasha
   826 | D:2      | Reached skill level 5 in Axes
  1183 | D:2      | Reached skill level 5 in Fighting
  1637 | D:2      | Found a runed translucent door.
  1638 | D:2      | Noticed Crazy Yiuf
  1656 | D:2      | Slain by Crazy Yiuf

Illustrated notes

Levels and vault maps discovered:
D:1:      sevenhm_arrival_forest_fort_large_2, layout_rooms,
          basic_ecumenical_altar
D:2:      layout_loops_corners, chequers_mini_garden, uniq_sigmund,
          uniq_crazy_yiuf_cottage, uniq_natasha

Skill      XL: |  1  2  3  4  5  6 |
---------------+-------------------+-----
Axes           | 4 5 |  5.2
Fighting       | 4 5 |  5.0
Armour         | |  3.2
Shields        | |  4.0

Action                     |  1- 3 |  4- 6 || total
---------------------------+-------+-------++-------
  Melee: War axe           |    77 |    33 ||   110
         Whip              |       |    33 ||    33
    Use: Potion            |     1 |       ||     1
 Armour: Scale mail        |    44 |    16 ||    60
  Dodge: Dodged            |    50 |    26 ||    76
  Block: Buckler           |    23 |    10 ||    33
